 Dungeon Sprint DCSS version 0.24-a0-250-g6074511092 (webtiles) character file.

Game seed: 9483170458881327716

35 Redear the Skirmisher (level 3, 0/35 HPs)
             Began as a Ghoul Monk on Apr 15, 2019.
             Was an Elder of Makhleb.
             Slain by an orc warrior
             ... wielding a +0 trident
              (18 damage)
             ... in the Dungeon (Sprint VII: "The Pits").
             The game lasted 00:01:37 (493 turns).

Redear the Skirmisher (Ghoul Monk)                   Turns: 493, Time: 00:01:37

Health: 0/35       AC:  9    Str: 14    XL:     3   Next: 35%
Magic:  2/2        EV: 10    Int:  5    God:    Makhleb [****..]
Gold:   0          SH:  0    Dex: 12    Spells: 2/2 levels left

rFire    . . .     SeeInvis .     - Unarmed
rCold    + . .     Gourm    .   (no shield)
rNeg     + + +     Faith    .   i - +3 scale mail
rPois    ∞         Spirit   .   (no helmet)
rElec    .         Reflect  .   (no cloak)
rCorr    .         Harm     .   (no gloves)
MR       .....     NoTele   +   (no boots)
Stlth    +.........             (no amulet)
HPRegen  0.00/turn              (no ring)
MPRegen  0.08/turn              (no ring)

@: rotting
A: rotting body, claws 1, carnivore, cold resistance 1, negative energy
resistance 3, inhibited regeneration, torment resistance, unbreathing
a: Minor Destruction, Lesser Servant of Makhleb, Major Destruction, Renounce
Religion


You were in the Dungeon.
You worshipped Makhleb.
Makhleb was greatly pleased with you.
You were not hungry.

You visited 1 branch

Inventory:

Armour
 a - a +0 robe
 i - a +3 scale mail (worn)
 j - a +3 scale mail
Scrolls
 c - 5 scrolls of amnesia
 e - a scroll of summoning
 B - a scroll of blinking {@r4}
 N - 3 scrolls of remove curse
Potions
 b - 2 potions of invisibility
 d - 6 potions of heal wounds {@q1}
 f - 4 potions of magic
 g - 3 potions of berserk rage
 H - a potion of haste {@q5}
 Q - 6 potions of curing {@q2}
Comestibles
 z - 9 rations


   Skills:
 + Level 4.8 Fighting
 + Level 2.6 Armour
 + Level 3.9 Dodging
 - Level 2.1 Stealth
 + Level 4.7 Unarmed Combat


You had 2 spell levels left.
You didn't know any spells.
Your spell library was empty.

Dungeon Overview and Level Annotations

Branches:
Dungeon (1/1)

Altars:
Ashenzari
Cheibriados
Dithmenos
Elyvilon
Fedhas
Gozag
Hepliaklqana
Kikubaaqudgha
Makhleb
Nemelex Xobeh
Okawaru
Qazlal
Ru
Sif Muna
Trog
Uskayaw
Vehumet
Wu Jian
Xom
Yredelemnul
Zin
The Shining One
Beogh
Jiyva
Lugonu

Annotations:
D Menkaure


Innate Abilities, Weirdness & Mutations

Your body is rotting away.
You thrive on raw meat.
You are immune to poison.
You have sharp fingernails.
You are carnivorous and can eat meat at any time.
Your flesh is cold resistant. (rC+)
You are immune to negative energy. (rN+++)
You do not regenerate when monsters are visible.
You are immune to unholy pain and torment.
You can survive without breathing.


Message History

The orc warrior barely misses you.
Menkaure mumbles some strange words.
Menkaure seems to speed up.
You regained 4 hp, and now have 18/35 hp.
You scratch the orc warrior.
The orc warrior is heavily wounded.
The orc warrior hits you but does no damage.
You barely miss the orc warrior.
The orc warrior is heavily wounded.
The orc warrior closely misses you.
You scratch the orc warrior but do no damage.
The orc warrior is heavily wounded.
You barely miss the orc warrior.
The orc warrior is heavily wounded.
The orc warrior closely misses you.
You scratch the orc warrior but do no damage.
The orc warrior is heavily wounded.
The orc warrior hits you with a +0 trident!!
Ouch! That really hurt!
You die...

#'#####'#####.....
#.#..#....)##.....
#.#))#####)#####'#
#.#))#...))##.....
#.#))#.....##.....
#.#..###)####.....
#.##'#.....##...<.
#.#........##.....
#@#........##.....
#o###########.....


#WW ###### #oMo ##.#Z .... .# #. .. .. You could see 2 hungry ghosts, an orc
warrior, Menkaure, 2 orcs and a bat skeleton.

Vanquished Creatures
  2 gnolls (D)
  An ooze (D)
  An adder skeleton (D)
  An orc (D)
  A bat zombie (D)
  2 hobgoblins (D)
  A leopard gecko zombie (D)
  A rat (D)
10 creatures vanquished.

Notes
Turn   | Place    | Note
-------+----------+-------------------------------------------
     0 | D        | Redear the Ghoul Monk began the quest for the Orb.
     0 | D        | Reached XP level 1. HP: 19/19 MP: 0/0
    39 | D        | Found a bloodstained altar of Trog.
    39 | D        | Found a deep blue altar of Sif Muna.
    39 | D        | Found a viscous altar of Jiyva.
    39 | D        | Found a hazy altar of Hepliaklqana.
    39 | D        | Found an opulent altar of Gozag.
    40 | D        | Found a glowing golden altar of the Shining One.
    40 | D        | Found a glowing silver altar of Zin.
    40 | D        | Found a basalt altar of Yredelemnul.
    40 | D        | Found a shimmering altar of Xom.
    40 | D        | Found an ornate altar of the Wu Jian Council.
    40 | D        | Found a sacrificial altar of Ru.
    40 | D        | Found a stormy altar of Qazlal.
    40 | D        | Found an iron altar of Okawaru.
    40 | D        | Found a sparkling altar of Nemelex Xobeh.
    40 | D        | Found a burning altar of Makhleb.
    40 | D        | Found a blossoming altar of Fedhas.
    40 | D        | Found a white marble altar of Elyvilon.
    40 | D        | Found a shadowy altar of Dithmenos.
    40 | D        | Found a snail-covered altar of Cheibriados.
    42 | D        | Found a corrupted altar of Lugonu.
    42 | D        | Found a radiant altar of Vehumet.
    42 | D        | Found a roughly hewn altar of Beogh.
    43 | D        | Found an ancient bone altar of Kikubaaqudgha.
    43 | D        | Found a hide-covered altar of Uskayaw.
    43 | D        | Found a shattered altar of Ashenzari.
    53 | D        | Became a worshipper of Makhleb the Destroyer
    53 | D        | Reached * piety under Makhleb
    53 | D        | Reached ** piety under Makhleb
    69 | D        | Reached skill level 1 in Armour
    69 | D        | Reached skill level 3 in Dodging
    76 | D        | Reached skill level 4 in Fighting
    76 | D        | Reached skill level 4 in Unarmed Combat
    76 | D        | Reached XP level 2. HP: 10/27 MP: 1/1
   268 | D        | Reached skill level 2 in Armour
   382 | D        | Reached *** piety under Makhleb
   393 | D        | Reached XP level 3. HP: 13/34 MP: 2/2
   475 | D        | Noticed an orc warrior
   475 | D        | Noticed a hungry ghost
   475 | D        | Noticed a hungry ghost
   478 | D        | Reached **** piety under Makhleb
   480 | D        | Noticed Menkaure
   493 | D        | Slain by an orc warrior

Levels and vault maps discovered:
D:        pitsprint [storerooms_1, entrance_room_1, metal_vault_8, armoury_1,
          mini_pit_1, grid_room_1, main_hall_1, silver_pit, the_coven_2,
          the_vestibule_1, steel_vault_4, golden_pit, hallway_of_sentries,
          crystal_vault_2, iron_vault_4, final_vault]

Skill      XL: |  1  2 |
---------------+-------+-----
Armour         | 1 2 |  2.6
Dodging        | 3 |  3.9
Fighting       | 4 |  4.8
Unarmed Combat | 4 |  4.7
Stealth        | |  2.1

Action                   || total
-------------------------++-------
Melee: Unarmed           ||    49
  Eat: Chunk             ||     7
Armor: Robe              ||     2
       Scale mail        ||     2
Dodge: Dodged            ||    31

Table legend:
 A = Non-vault XP
 B = Vault XP
 C = Vault XP percentage of total XP
 D = Non-vault monster count
 E = Vault monster count
 F = Vault count percentage of total count
                 A         B        C        D         E       F
            +---------+---------+-------+---------+---------+-------
      Total |       0 |      51 | 100.0 |       0 |      10 | 100.0
            +---------+---------+-------+---------+---------+-------
          D |       0 |      51 | 100.0 |       0 |      10 | 100.0
            +---------+---------+-------+---------+---------+-------
